 Dungeon Crawl Stone Soup version 0.25.1-8-g42b30a86e7 (webtiles) character file.

Game seed: 4208943411255346343

106 KyoPewz the Slasher (level 4, -2/36 HPs)
             Began as a Barachi Fighter on Dec 6, 2020.
             Slain by a gnoll (7 damage)
             ... on level 4 of the Dungeon.
             The game lasted 00:06:22 (2922 turns).

KyoPewz the Slasher (Barachi Fighter)               Turns: 2922, Time: 00:06:22

Health: -2/36      AC:  9    Str: 19    XL:     4   Next: 84%
Magic:  4/4        EV:  7    Int:  8    God:
Gold:   153        SH:  9    Dex: 11    Spells: 3/3 levels left

rFire    . . .     SeeInvis .   a - +0 long sword
rCold    . . .     Gourm    .   c - +0 kite shield
rNeg     . . .     Faith    .   b - +0 scale mail
rPois    .         Spirit   .   (no helmet)
rElec    .         Reflect  .   p - +1 cloak
rCorr    .         Harm     .   (no gloves)
MR       .....                  (no boots)
Stlth    ..........             (no amulet)
HPRegen  0.12/turn              (no ring)
MPRegen  0.09/turn              (no ring)

@: slow
A: +LOS, swims, slowness 1, strong legs 1
a: Hop


You were on level 4 of the Dungeon.
You were not hungry.

You visited 1 branch of the dungeon, and saw 4 of its levels.

You collected 153 gold pieces.

Inventory:

Hand Weapons
 a - a +0 long sword (weapon)
 k - a +0 hunting sling
   (You found it on level 1 of the Dungeon)
Missiles
 o - 128 stones (quivered)
Armour
 b - a +0 scale mail (worn)
 c - a +0 kite shield (worn)
 p - a +1 cloak (worn)
   (You found it on level 2 of the Dungeon)
Scrolls
 f - 3 scrolls of teleportation {@r4}
 h - a scroll of fog
 i - 2 scrolls of remove curse {@r2}
 l - 2 scrolls of amnesia
Potions
 d - a potion of might
 g - 3 potions of curing {@q1}
 j - a potion of berserk rage {unknown}
 m - 2 potions of stabbing {unknown}
 n - a potion of brilliance {unknown}
 q - a potion of degeneration {unknown}
 r - a potion of haste {unknown}
Comestibles
 e - a ration {!d}


   Skills:
 - Level 3.6 Fighting
 * Level 4.8 Long Blades
 - Level 4.0 Armour
 + Level 4.2 Shields


You had 3 spell levels left.
You didn't know any spells.
Your spell library was empty.

Dungeon Overview and Level Annotations

Branches:
Dungeon (4/15)
 Temple: D:4-7

Altars:
Okawaru


Innate Abilities, Weirdness & Mutations

You can be seen from farther away. (+LOS)
You can swim through water.
You cover ground slowly.
You can hop short distances.


Message History

The orc throws a stone.
The stone hits you.
Found an iron altar of Okawaru.
The orc shouts!
The goblin throws a stone.
The stone hits you but does no damage.
The orc throws a stone.
You block the stone.
The orc throws a stone.
The stone hits you but does no damage.
The goblin throws a stone.
The stone hits you but does no damage.
The orc throws a stone.
The stone hits you but does no damage.
The orc throws a stone.
The stone hits you but does no damage.
The goblin throws a stone.
The stone hits you.
The orc throws a stone.
The stone hits you but does no damage.
The gnoll throws a stone.
You block the stone.
The orc throws a stone.
You block the stone.
The gnoll throws a stone.
The stone hits you.
You slash the orc!
You kill the orc!
The gnoll throws a stone.
The stone hits you.
You hit the gnoll. You block the gnoll's attack.
You closely miss the gnoll. You block the gnoll's attack.
You completely miss the gnoll. The gnoll hits you.
You block the gnoll's attack.
You hit the gnoll. You block the gnoll's attack.
You hit the gnoll but do no damage. The gnoll hits you.
You closely miss the gnoll. You block the gnoll's attack.
Your shield prevents you from hitting the gnoll.
The gnoll hits you.
* * * LOW HITPOINT WARNING * * *
The gnoll barely misses you.
You are too injured to fight recklessly!
You are too injured to fight recklessly!
You are too injured to fight recklessly!
You are too injured to fight recklessly!
You slash the gnoll!
You kill the gnoll!
The gnoll throws a stone.
The stone hits you.
* * * LOW HITPOINT WARNING * * *
The hobgoblin throws a stone.
You block the stone.
The goblin throws a stone.
The stone barely misses you.
The gnoll throws a stone.
The stone barely misses you.
The hobgoblin throws a stone.
The stone barely misses you.
You see here 2 stones.
The goblin throws a stone.
You block the stone. The gnoll barely misses you.
You riposte.
You barely miss the gnoll. You slash the gnoll! The gnoll hits you.
* * * LOW HITPOINT WARNING * * *
The gnoll hits you but does no damage.
You hit the gnoll but do no damage. The gnoll hits you.
* * * LOW HITPOINT WARNING * * *
You closely miss the gnoll. The gnoll hits you!
You die...

*.≈.≈#* #.*,*##.....
*#≈.≈.* #.*,,#8.....
*.≈.≈## #$***##.....
##≈.≈.* #.* ##8###
*o≈.≈#* #.* ###### #
**gg≈,* #.* #...#
*#(#### #.###...####
#o##(# #...........
#gg@.###############
####................
#################


You could see a gnoll, an orc and a goblin.

Vanquished Creatures
  A hound skeleton (D:4)
  3 adders
  A gnoll (D:4)
  An ooze (D:3)
  2 worms (D:2)
  A dart slug (D:2)
  An orc (D:4)
  7 goblins
  4 hobgoblins
  6 jackals (D:2)
  7 bats
  4 frilled lizards (D:2)
  6 kobolds
  3 rats (D:2)
47 creatures vanquished.

Notes
Turn   | Place    | Note
-------+----------+-------------------------------------------
     0 | D:1      | KyoPewz the Barachi Fighter began the quest for the Orb.
     0 | D:1      | Reached XP level 1. HP: 18/18 MP: 1/1
   162 | D:1      | Reached XP level 2. HP: 24/24 MP: 2/2
   872 | D:2      | Reached XP level 3. HP: 24/29 MP: 3/3
  1279 | D:2      | Reached XP level 4. HP: 32/36 MP: 4/4
  2398 | D:3      | Found a faded altar of an unknown god.
  2899 | D:4      | Found an iron altar of Okawaru.
  2922 | D:4      | Slain by a gnoll

Illustrated notes

Levels and vault maps discovered:
D:1:      eino_arrival_cavern_e, layout_loops_cross
D:2:      layout_rooms
D:3:      layout_loops_ring, serial_forest, infiniplex_forest_lined_room_,
          infiniplex_forest_end_3, infiniplex_forest_lined_ring,
          infiniplex_forest_lined_1, infiniplex_forest_clump_diagonal,
          infiniplex_forest_clump_large, infiniplex_forest_end_2,
          infiniplex_forest_straight_3, chequers_ecumenical_altar_simple
D:4:      layout_basic, serial_corexii_hall, chequers_hall_statues_y,
          corexii_hall_statues_l, chequers_hall_statues_wall_a,
          chequers_hall_statues_wall_a, chequers_hall_statues_wall_a,
          corexii_hall_statues_x, skrybe_limestone_x, okawaru_altar_gauntlet_db

Skill      XL: |  1  2  3  4 |
---------------+-------------+-----
Long Blades    | 3 4 |  4.8
Armour         | 4 |  4.0
Shields        | 4 |  4.2
Fighting       | |  3.6

Action                   |  1- 3 |  4- 6 || total
-------------------------+-------+-------++-------
Melee: Long sword        |   117 |    43 ||   160
  Use: Scroll            |       |     6 ||     6
  Eat: Chunk             |     2 |     3 ||     5
       Ration            |       |     1 ||     1
Armor: Scale mail        |    61 |    11 ||    72
Dodge: Dodged            |    38 |    14 ||    52
Block: Kite shield       |    52 |    32 ||    84
       Rpst.: Long sword |     8 |     5 ||    13
